 Dungeon Crawl Stone Soup version 0.29.0-4-gdea44cf6ec (webtiles) character file.

Game seed: 17657153188729683413

90 qw the Chopper (level 4, 0/26 HPs)
             Began as a Tengu Warper on Aug 28, 2022.
             Slain by a water moccasin (6 damage)
             ... on level 3 of the Dungeon.
             The game lasted 00:00:14 (2336 turns).

qw the Chopper (Tengu Warper)                       Turns: 2336, Time: 00:00:15

Health: 0/26       AC:  5    Str: 13    XL:     4   Next: 56%
Magic:  8/8        EV: 11    Int: 14    God:
Gold:   134        SH:  0    Dex: 13    Spells: 7/7 levels left

rFire   . . .      SeeInvis .   Y - +0 hand axe
rCold   . . .      Faith    .   (no shield)
rNeg    . . .      Spirit   .   e - +0 ring mail
rPois   .          Reflect  .   (helmet restricted)
rElec   .          Harm     .   d - scarf {repulsion}
rCorr   .          Rampage  .   (no gloves)
Will    +....                   (boots unavailable)
Stlth   +.........              (no amulet)
HPRegen 0.08/turn               g - ring of willpower
MPRegen 0.11/turn               (no ring)

@: lethally poisoned (0 -> -1), repel missiles
A: beak, talons 3
a: no special abilities


You were on level 3 of the Dungeon.
You visited 1 branch of the dungeon, and saw 3 of its levels.

You collected 134 gold pieces.


Innate Abilities, Weirdness & Mutations

You have a beak for a mouth.
You have claws for feet.


   Skills:
 - Level 2.0 Fighting
 + Level 5.1 Axes
 - Level 1.0 Throwing
 - Level 1.1 Armour
 - Level 2.1 Dodging
 - Level 2.0 Spellcasting
 - Level 2.4 Translocations


You had 7 spell levels left.
You didn't know any spells.
Your spell library contained the following spells:

 Spells                   Type           Power      Damage    Failure   Level
 Blink                    Tloc           16%        N/A       28%         2
 Gell's Gravitas          Tloc           8%         N/A       50%         3
 Lesser Beckoning         Tloc           8%         N/A       50%         3
 Teleport Other           Tloc           8%         N/A       50%         3
 Manifold Assault         Tloc           8%         N/A       99%         5

Inventory:

Hand Weapons
 i - a +0 mace
 Y - a +0 hand axe (weapon)
Armour
 d - a scarf of repulsion (worn)
 e - a +0 ring mail (worn)
Jewellery
 g - a ring of willpower (left hand)
Scrolls
 f - 2 scrolls of identify
 j - 2 scrolls of enchant armour
 m - a scroll of acquirement {unknown}
Potions
 a - a potion of flight {unknown}
 b - a potion of invisibility {unknown}
 c - a potion of curing {unknown}
 h - a potion of attraction {unknown}
 k - a potion of heal wounds {unknown}
 l - a potion of mutation {unknown}

Dungeon Overview and Level Annotations

Branches:
Dungeon (3/15)

Altars:


Message History

A dart slug is nearby!
You hit the dart slug. You claw the dart slug.
You kill the dart slug!
You start resting.
HP restored.
m - a scroll labelled FEISURIXZA A water moccasin comes into view.
Found 3 stones.
The water moccasin bites you.
You are poisoned.
The water moccasin poisons you!
You hit the water moccasin. You claw the water moccasin!
The water moccasin is heavily wounded.
You feel very sick.
The water moccasin bites you but does no damage.
You closely miss the water moccasin. Your kick misses the water moccasin.
You punch the water moccasin, but do no damage.
The water moccasin is heavily wounded.
You feel sick. The water moccasin barely misses you.
The water moccasin misses you.
You miss the water moccasin.
The water moccasin is heavily wounded.
You feel sick. The water moccasin closely misses you.
You hit the water moccasin.
The water moccasin is heavily wounded.
You feel sick.
The water moccasin bites you but does no damage.
The water moccasin bites you.
You hit the water moccasin but do no damage.
Your kick misses the water moccasin. You peck the water moccasin.
The water moccasin is heavily wounded.
You feel sick. The water moccasin barely misses you.
You hit the water moccasin.
The water moccasin is severely wounded.
You feel sick. The water moccasin barely misses you.
The water moccasin bites you.
You completely miss the water moccasin.
The water moccasin is severely wounded.
You feel sick. The water moccasin bites you.
You die...

.....................
###......#.........
#......##.####...
#......##.####...
##...#.##.........
..................
###.<..........#
#...####..##.# #...
#@S# #... #.......(..
#.. #.#.###.##. #..
#.#.. # # #.# #.# #.#
#.#


You could see a water moccasin.

Vanquished Creatures
  Jessica (D:2)
  An adder (D:3)
  3 dart slugs
  4 bats
  10 endoplasms
  3 giant cockroaches
  2 goblins (D:1)
  3 hobgoblins (D:1)
  7 kobolds
  4 quokkas
  3 ball pythons (D:1)
  A frilled lizard (D:2)
  A rat (D:1)
43 creatures vanquished.

Vanquished Creatures (others)
  A fungus (D:1)
1 creature vanquished.

Grand Total: 44 creatures vanquished

Notes
Turn   | Place    | Note
-------+----------+-------------------------------------------
     0 | D:1      | qw the Tengu Warper began the quest for the Orb.
     0 | D:1      | Reached XP level 1. HP: 12/12 MP: 4/4
     0 | D:1      | 0 ||| qw: Version: 0.1-a-89-g26bdef1
     0 | D:1      | 0 ||| qw: Game counter: 69
     0 | D:1      | 0 ||| qw: Always use a shield: true
     0 | D:1      | 0 ||| qw: God list: Okawaru
     0 | D:1      | 0 ||| qw: Allow faded altars: false
     0 | D:1      | 0 ||| qw: Do Orc after D:15 true
     0 | D:1      | 0 ||| qw: Do second Lair branch before Depths: true
     0 | D:1      | 0 ||| qw: Lair rune preference: random
     0 | D:1      | 0 ||| qw: Plans: Normal
     0 | D:1      | 0 ||| PLANNING D:1-11
    81 | D:1      | 81 ||| Stepping ~*~*~tactically~*~*~ (stealth).
    85 | D:1      | 85 ||| Stepping ~*~*~tactically~*~*~ (stealth).
   297 | D:1      | Reached XP level 2. HP: 17/17 MP: 6/6
   314 | D:1      | 314 ||| Stepping ~*~*~tactically~*~*~ (hiding).
   321 | D:1      | Reached skill level 3 in Axes
   629 | D:1      | HP: 3/17 [kobold/+0 short sword (2)]
   920 | D:1      | Found a faded altar of an unknown god.
  1052 | D:1      | Reached XP level 3. HP: 21/21 MP: 7/7
  1121 | D:1      | 1121 ||| DROPPING +0 club.
  1325 | D:1      | Reached skill level 4 in Axes
  1452 | D:1      | 1452 ||| UPGRADING to +0 ring mail.
  1462 | D:1      | 1462 ||| DROPPING +0 leather armour.
  1466 | D:1      | 1466 ||| UPGRADING to ring of willpower.
  1469 | D:1      | 1469 ||| READING scroll labelled WISALUTOAR.
  1470 | D:1      | 1470 ||| READING scroll labelled XEJOZAQ BUUZA.
  1471 | D:1      | 1471 ||| DROPPING scroll of blinking.
  1559 | D:2      | Noticed Jessica
  1560 | D:2      | 1560 ||| Stepping ~*~*~tactically~*~*~ (hiding).
  1566 | D:2      | Killed Jessica
  1567 | D:2      | Reached XP level 4. HP: 21/26 MP: 8/8
  2038 | D:2      | 2038 ||| UPGRADING to scarf of repulsion.
  2043 | D:2      | 2043 ||| READING 2 scrolls labelled DAEBOUG CUMN.
  2044 | D:2      | 2044 ||| READING 3 scrolls labelled IBLANO EMEST.
  2073 | D:3      | Reached skill level 5 in Axes
  2073 | D:3      | 2073 ||| STAIRDANCE
  2196 | D:3      | 2196 ||| Stepping ~*~*~tactically~*~*~ (stealth).
  2272 | D:3      | 2272 ||| FLEEEEING.
  2273 | D:3      | 2273 ||| FLEEEEING.
  2274 | D:3      | 2274 ||| FLEEEEING.
  2275 | D:3      | 2275 ||| FLEEEEING.
  2276 | D:3      | 2276 ||| FLEEEEING.
  2277 | D:3      | 2277 ||| FLEEEEING.
  2326 | D:3      | Noticed a water moccasin
  2336 | D:3      | HP: 6/26 [poisoned by a water moccasin]
  2336 | D:3      | Slain by a water moccasin

Levels and vault maps discovered:
D:1:      lightli_molten_gateway, layout_loops_ring,
          shapermc_ecumenical_altar_ellora, skrybe_limestone_x,
          minmay_misc_feat_square, corexii_hall_statues_i
D:2:      layout_rooms, guppyfry_early_lair_pool, uniq_jessica
D:3:      layout_basic, uniq_natasha

Skill      XL: |  1  2  3  4 |
---------------+-------------+-----
Axes           | 3 4 5 |  5.1
Fighting       | |  2.0
Throwing       | |  1.0
Armour         | |  1.1
Dodging        | |  2.1
Spellcasting   | |  2.0
Translocations | |  2.4

Action                   |  1- 3 |  4- 6 || total
-------------------------+-------+-------++-------
Melee: Hand axe          |    64 |    52 ||   116
       Kick              |    14 |    18 ||    32
       Peck              |     5 |     5 ||    10
       Punch             |       |     2 ||     2
Throw: Boomerang         |     7 |       ||     7
  Use: Scroll            |     2 |     2 ||     4
Armor: Leather armour    |    20 |       ||    20
       Ring mail         |     1 |    13 ||    14
Dodge: Dodged            |    30 |    32 ||    62

Table legend:
 A = Non-vault XP
 B = Vault XP
 C = Vault XP percentage of total XP
 D = Non-vault monster count
 E = Vault monster count
 F = Vault count percentage of total count
                 A         B        C        D         E       F
            +---------+---------+-------+---------+---------+-------
      Total |      92 |      37 |  28.7 |      42 |       1 |   2.3
            +---------+---------+-------+---------+---------+-------
        D:1 |      45 |       0 |   0.0 |      25 |       0 |   0.0
        D:2 |      24 |      37 |  60.7 |      12 |       1 |   7.7
        D:3 |      23 |       0 |   0.0 |       5 |       0 |   0.0
            +---------+---------+-------+---------+---------+-------
